 Dungeon Crawl Stone Soup version 0.26.0-16-gc1dbca0489 (console) character file.

Game seed: 3411447539458914822

282 jejorda2 the Chopper (level 6, 0/48 (56) HPs)
             Began as a Hill Orc Berserker on Jan 19, 2021.
             Was a Priest of Trog.
             Slain by a wight
             ... wielding a +0 halberd
              (10 damage)
             ... on level 3 of the Dungeon.
             The game lasted 00:08:18 (3776 turns).

jejorda2 the Chopper (Hill Orc Berserker)           Turns: 3776, Time: 00:08:19

HP:   0/48 (56)     AC:  7    Str: 22    XL:     6   Next: 28%
MP:   6/6           EV: 11    Int:  7    God:    Trog [***...]
Gold: 151           SH:  0    Dex: 10    Spells: 5/5 levels left

rFire    + . .     SeeInvis .   a - +1 hand axe
rCold    . . .     Faith    .   (no shield)
rNeg     . . .     Spirit   .   d - +0 ring mail
rPois    .         Reflect  .   c - +0 helmet
rElec    .         Harm     .   (no cloak)
rCorr    .         Rampage  .   (no gloves)
Will     ++...                  (no boots)
Stlth    ..........             (no amulet)
HPRegen  1.16/turn              p - ring of protection from fire
MPRegen  0.10/turn              (no ring)

@: berserk cooldown, regenerating (expiring), slowed, heavily drained, very slow
A: no striking features
a: Renounce Religion, Berserk, Trog's Hand


You were on level 3 of the Dungeon.
You worshipped Trog.
Trog was most pleased with you.
You visited 1 branch of the dungeon, and saw 3 of its levels.
You also visited: Sewer.

You collected 151 gold pieces.

Inventory:

Hand Weapons
 a - a +1 hand axe (weapon)
Missiles
 g - 7 atropa-tipped darts (quivered)
 m - 5 poisoned darts
Armour
 c - a +0 helmet (worn)
 d - a +0 ring mail (worn)
Jewellery
 p - a ring of protection from fire (left hand)
Scrolls
 h - a scroll of remove curse
 i - 3 scrolls of fear {unknown}
 j - 2 scrolls of teleportation
 k - a scroll of fog {unknown}
 n - a scroll of amnesia {unknown}
Potions
 b - 5 potions of heal wounds
 e - a potion of attraction {unknown}
 f - a potion of mutation {unknown}
 l - a potion of brilliance {unknown}
 o - a potion of curing {unknown}


   Skills:
 + Level 5.1 Fighting
 * Level 7.0 Axes
 + Level 3.9 Armour
 - Level 1.5 Dodging


You had 5 spell levels left.
You didn't know any spells.
Your spell library was empty.

Dungeon Overview and Level Annotations

Branches:
Dungeon (3/15)              Sewer (visited)

Altars:
Makhleb
Uskayaw
Zin


Message History

The wight is heavily damaged.
The wight hits you with a +0 halberd.
You feel drained. The wight hits you with a +0 halberd.
You barely miss the wight.
The wight is heavily damaged.
The wight hits you but does no damage.
You barely miss the wight.
The wight is heavily damaged.
The wight hits you with a +0 halberd.
You feel drained.
You barely miss the wight.
The wight is moderately damaged.
The wight hits you with a +0 halberd!
* * * LOW HITPOINT WARNING * * *
You feel drained.
* * * LOW HITPOINT WARNING * * *
You hit the wight.
The wight is heavily damaged.
You feel the effects of Trog's Hand fading.
The wight hits you with a +0 halberd!
You die...

. ##. #.. #.# #
#(# .. #####.#
#.# .... ......#
##.#..... ..####
######z....._..
..#
#..@zrz.#......
..####
#.####..#.(....
.....#########.#
#..# .....
..##...........#
#..# ##z##
..##############
#... ..z .##
#.... .. ##
######


You could see 3 wights and a rat.

Vanquished Creatures
  2 wights (D:3)
  Natasha (D:3)
  3 river rats (Sewer)
  5 adders
  An ooze (D:2)
  2 worms
  3 dart slugs
  4 leopard geckos
  9 bats
  5 giant cockroaches
  6 goblins
  9 hobgoblins
  13 kobolds
  A quokka (D:2)
  4 ball pythons
  11 frilled lizards
  12 rats
91 creatures vanquished.

Vanquished Creatures (others)
  3 plants
3 creatures vanquished.

Grand Total: 94 creatures vanquished

Notes
Turn   | Place    | Note
-------+----------+-------------------------------------------
     0 | D:1      | jejorda2 the Hill Orc Berserker began the quest for the
                  | Orb.
     0 | D:1      | Reached XP level 1. HP: 19/19 MP: 1/1
     0 | D:1      | Noticed a felid
     0 | D:1      | Noticed a formicid
     1 | D:1      | Noticed a centaur
     1 | D:1      | Noticed a draconian
     3 | D:1      | Noticed a formicid
     3 | D:1      | Noticed a spriggan
     7 | D:1      | Noticed a felid
    10 | D:1      | Noticed an octopode
    10 | D:1      | Noticed a minotaur
    12 | D:1      | Noticed an ogre
    12 | D:1      | Noticed an octopode
    14 | D:1      | Noticed an octopode
    14 | D:1      | Noticed a dwarf
    16 | D:1      | Noticed a centaur
    18 | D:1      | Noticed a troll
    20 | D:1      | Noticed a gargoyle
   375 | D:1      | Reached XP level 2. HP: 19/27 MP: 2/2
  1112 | D:1      | Reached XP level 3. HP: 31/33 MP: 3/3
  1422 | D:2      | Reached ** piety under Trog
  1466 | D:2      | Reached skill level 5 in Axes
  2021 | D:2      | Reached XP level 4. HP: 21/40 MP: 4/4
  2747 | D:3      | Reached *** piety under Trog
  2753 | D:3      | Found a glowing drain.
  2813 | Sewer    | Entered a sewer
  3022 | Sewer    | Reached skill level 6 in Axes
  3022 | Sewer    | Reached XP level 5. HP: 34/47 MP: 5/5
  3439 | D:3      | Found a burning altar of Makhleb.
  3453 | D:3      | Found a glowing silver altar of Zin.
  3453 | D:3      | Noticed an angel
  3454 | D:3      | Noticed a balrug
  3646 | D:3      | Noticed Natasha
  3652 | D:3      | Killed Natasha
  3726 | D:3      | Found a hide-covered altar of Uskayaw.
  3755 | D:3      | Reached skill level 5 in Fighting
  3755 | D:3      | Reached XP level 6. HP: 56/56 MP: 6/6
  3759 | D:3      | Reached skill level 7 in Axes
  3776 | D:3      | Slain by a wight

Illustrated notes

Levels and vault maps discovered:
D:1:      shiori_arrival_whats_in_store_for_you, layout_loops_corners,
          serial_bayou_crossing
D:2:      cheibrodos_old_hovel, layout_basic
D:3:      layout_loops_ring, grunt_temple_overflow_order_and_chaos_2,
          old_standard_altar, gup_sewer_entry_spiral, minmay_stone_trees_small,
          serial_park_tiny_pond, uniq_natasha

Skill      XL: |  1  2  3  4  5  6 |
---------------+-------------------+-----
Fighting       | 4 5 |  5.1
Axes           | 5 6 7 |  7.0
Armour         | 3 |  3.9
Dodging        | |  1.5

Action                   |  1- 3 |  4- 6 || total
-------------------------+-------+-------++-------
Melee: Hand axe          |   136 |   198 ||   334
Invok: Berserk           |       |     1 ||     1
       Trog's Hand       |       |     1 ||     1
  Use: Scroll            |       |     3 ||     3
       Potion            |       |     1 ||     1
Armor: Animal skin       |    10 |       ||    10
       Ring mail         |    26 |    70 ||    96
Dodge: Dodged            |    79 |    97 ||   176
